 Dungeon Crawl Stone Soup version 0.31.0-11-ge490571c62 (webtiles) character file.

Game seed: 15294963006042429301

3089544 Sobieck the Wrestler (level 26, 276/276 HPs)
             Began as a Troll Monk on Jan 26, 2024.
             Was the Champion of Jiyva.
             Escaped with the Orb
             ... and 4 runes
             ... and 2 gems!
             The game lasted 02:09:42 (50177 turns).

Sobieck the Wrestler (Troll Monk)                  Turns: 50177, Time: 02:09:43

Health: 276/276    AC: 12    Str: 34    XL:     26   Next: 89%
Magic:  24/24      EV: 12    Int:  9    God:    Jiyva [******]
Gold:   3151       SH: 36    Dex: 12    Spells: 25/25 levels left

rFire   + +          .
                       - Unarmed
rCold   + + +        z - +8 tower shield
rNeg    + + +        y - +0 troll leather armour
rPois   ∞            Y - +0 mask of the Dragon {Will+ Slay+3 SInv}
rElec   +            n - scarf {rC+ rF+}
rCorr   +            (gloves unavailable)
SInv    +            (boots unavailable)
Will    +++..        i - amulet of Ewufounn {Acrobat +Blink rPois Regen+ Str-5}
Stlth   +            G - ring "Niher" {rElec rC+ Int+3 SInv Stlth+}
HPRegen 4.66/turn    J - +4 ring of protection
MPRegen 0.99/turn

%: acrobat
@: death-form, studying 2 skills
A: vile attack, torment immunity, no potions, large, unfitting armour, claws 3,
regeneration 1, shaggy fur 1, tough skin 1, horns 2, talons 1, iridescent scales
2, large bone plates 3, fire resistance 1, high MP 1, mutation resistance 2,
gelatinous body 1, pseudopods 2, jelly sensing items, sturdy frame 1
0: Orb of Zot
}: 4/15 runes: decaying, slimy, silver, gossamer
a: Siphon Essence, Begin Untransformation, Renounce Religion, Evoke Blink,
Oozemancy, Slimify


You escaped.
You worshipped Jiyva.
Jiyva was exalted by your worship.
You were an undying horror.
You visited 12 branches of the dungeon, and saw 56 of its levels.
You visited 1 bazaar.
You also visited: Gauntlet and Desolation.

You collected 5525 gold pieces.
You spent 2374 gold pieces at shops.

Inventory:

Missiles
 t - 16 boomerangs
 v - 6 javelins
 w - 40 large rocks (quivered)
 x - 7 silver javelins
Armour
 a - the +2 cloak of Fuofahacs {rElec rN++ Int+3 Dex-2}
   (You bought it in a shop on level 11 of the Dungeon)

   Int+3:     It affects your intelligence (+3).
   Dex-2:     It affects your dexterity (-2).
   rElec:     It insulates you from electricity.
   rN++:      It greatly protects you from negative energy.
 n - a scarf of resistance (worn)
 u - a +2 cloak of willpower
 y - a +0 troll leather armour (worn)
 z - a +8 tower shield (worn)
 Y - the +0 mask of the Dragon (worn) {Will+ Slay+3 SInv}
   (You found it on level 5 of the Pits of Slime)

   Slay+3:    It affects your accuracy & damage with ranged weapons and melee
   (+3).
   Will+:     It increases your willpower.
   SInv:      It lets you see invisible.
Jewellery
 c - a ring of protection from cold
 f - a ring of protection from fire
 i - the amulet of Ewufounn (around neck) {Acrobat +Blink rPois Regen+ Str-5}
   (You took it off a deep elf death mage on level 3 of the Elven Halls)

   [amulet of the acrobat]

   Acrobat:   It increases your evasion while moving and waiting.
   Str-5:     It affects your strength (-5).
   rPois:     It protects you from poison +Blink: It lets you blink.
   Regen+:    It increases your rate of health regeneration.
 G - the ring "Niher" (left claw) {rElec rC+ Int+3 SInv Stlth+}
   (You acquired it on level 4 of the Lair of Beasts)

   [ring of see invisible]

   Int+3:     It affects your intelligence (+3).
   rC+:       It protects you from cold.
   rElec:     It insulates you from electricity.
   SInv:      It lets you see invisible.
   Stlth+:    It makes you more stealthy.
 J - a +4 ring of protection (right claw)
 P - the ring "Yned" {rF+ rN++ Will- Str+6 Int+2}
   (You found it on level 3 of the Crypt)

   [ring of strength]

   Str+6:     It affects your strength (+6).
   Int+2:     It affects your intelligence (+2).
   rF+:       It protects you from fire.
   rN++:      It greatly protects you from negative energy.
   Will-:     It decreases your willpower.
Talismans
 E - the death talisman "Koerhuykh" (active) {Str+5}
   (You found it on level 5 of the Vaults)

   [talisman of death]

   Str+5:     It affects your strength (+5).
Wands
 h - a wand of mindburst (26)
 l - a wand of roots (22)
 D - a wand of digging (14)
 F - a wand of light (36)
 V - a wand of flame (74)
Scrolls
 b - a scroll of blinking
 d - 11 scrolls of fog
 e - 3 scrolls of vulnerability
 g - 5 scrolls of poison
 j - 3 scrolls of immolation
 k - a scroll of torment
 p - 6 scrolls of fear
 A - 7 scrolls of noise
 B - a scroll of silence {!r}
 R - 13 scrolls of identify
 T - 10 scrolls of teleportation
 W - 2 scrolls of revelation
Potions
 m - 3 potions of mutation
 o - a potion of berserk rage
 q - 7 potions of ambrosia
 r - 5 potions of attraction
 s - 9 potions of might
 C - 7 potions of enlightenment
 H - a potion of haste
 I - 4 potions of lignification
 L - 5 potions of magic
 M - 2 potions of invisibility
 Q - 9 potions of curing
 X - 3 potions of heal wounds
 Z - a potion of resistance
Miscellaneous
 K - a phantom mirror
 N - a sack of spiders
 O - a condenser vane
 S - a lightning rod (4/4)
 U - a phial of floods


   Skills:
 + Level 18.8 Fighting
 - Level 12.0 Throwing
 - Level 7.0 Dodging
 + Level 18.3 Shields
 + Level 25.9 Unarmed Combat
 + Level 25.8 Shapeshifting


You had 25 spell levels left.
You didn't know any spells.
Your spell library contained the following spells:

 Spells                   Type           Power      Damage    Failure   Level
 Apportation              Tloc           0%         N/A       54%         1
 Foxfire                  Conj/Fire      0%         2x1d4     54%         1
 Kiss of Death            Conj/Necr      0%         2d5       54%         1
 Necrotise                Necr           0%         1d4       54%         1
 Shock                    Conj/Air       0%         1d3       54%         1
 Slow                     Hex            0%         N/A       54%         1
 Sting                    Conj/Alch      0%         1d3       54%         1
 Summon Small Mammal      Summ           0%         N/A       54%         1
 Call Imp                 Summ           0%         N/A       69%         2
 Cigotuvi's Dreadful Rot  Necr/Alch/Air  0%         N/A       69%         2
 Jinxbite                 Hex            0%         N/A       69%         2
 Lesser Beckoning         Tloc           0%         N/A       69%         2
 Mercury Vapours          Alch/Air       0%         N/A       69%         2
 Scorch                   Fire           0%         2d5       69%         2
 Searing Ray              Conj           0%         2d4       69%         2
 Static Discharge         Conj/Air       0%         3-3/arc   69%         2
 Sublimation of Blood     Necr           0%         N/A       69%         2
 Call Canine Familiar     Summ           0%         N/A       89%         3
 Confusing Touch          Hex            0%         N/A       89%         3
 Fugue of the Fallen      Necr           0%         N/A       89%         3
 Gell's Gravitas          Tloc           0%         N/A       89%         3
 Hailstorm                Conj/Ice       0%         3d5       89%         3
 Inner Flame              Hex/Fire       0%         N/A       89%         3
 Mephitic Cloud           Conj/Alch/Air  0%         N/A       89%         3
 Ozocubu's Armour         Ice            0%         N/A       89%         3
 Passwall                 Erth           0%         N/A       89%         3
 Sigil of Binding         Hex            0%         N/A       89%         3
 Stone Arrow              Conj/Erth      0%         3d7       89%         3
 Summon Ice Beast         Ice/Summ       0%         N/A       89%         3
 Swiftness                Air            0%         N/A       89%         3
 Teleport Other           Tloc           0%         N/A       89%         3
 Tukima's Dance           Hex            0%         N/A       89%         3
 Vampiric Draining        Necr           0%         2d6       89%         3
 Volatile Blastmotes      Fire/Tloc      0%         2d10      89%         3
 Airstrike                Air            0%         2d(0-16)  100%        4
 Anguish                  Hex/Necr       0%         N/A       100%        4
 Animate Armour           Summ/Erth      0%         N/A       100%        4
 Animate Dead             Necr           0%         N/A       100%        4
 Cause Fear               Hex            0%         N/A       100%        4
 Dispel Undead            Necr           0%         3d6       100%        4
 Fulminant Prism          Conj/Alch      0%         3d5       100%        4
 Ignite Poison            Fire/Alch      0%         N/A       100%        4
 Manifold Assault         Tloc           0%         N/A       100%        4
 Martyr's Knell           Necr/Summ      0%         N/A       100%        4
 Passage of Golubria      Tloc           0%         N/A       100%        4
 Petrify                  Alch/Erth      0%         N/A       100%        4
 Summon Blazeheart Golem  Fire/Summ      0%         N/A       100%        4
 Summon Lightning Spire   Summ/Air       0%         N/A       100%        4
 Alistair's Intoxication  Alch           0%         N/A       100%        5
 Arcjolt                  Conj/Air       0%         1d10      100%        5
 Borgnjor's Vile Clutch   Necr/Erth      0%         N/A       100%        5
 Curse of Agony           Necr           0%         N/A       100%        5
 Irradiate                Conj/Alch      0%         3d11      100%        5
 Iskenderun's Battlesphe  Conj           0%         2d6       100%        5
 Lee's Rapid Deconstruct  Erth           0%         3d4*      100%        5
 Metabolic Englaciation   Hex/Ice        0%         N/A       100%        5
 Summon Mana Viper        Hex/Summ       0%         N/A       100%        5
 Yara's Violent Unravell  Hex/Alch       0%         3d3       100%        5
 Bombard                  Conj/Erth      0%         9d1       100%        6
 Death Channel            Necr           0%         N/A       100%        6
 Dispersal                Tloc           0%         N/A       100%        6
 Plasma Beam              Fire/Air       0%         2x1d10    100%        6
 Sculpt Simulacrum        Ice/Alch       0%         N/A       100%        6
 Starburst                Conj/Fire      0%         6d3       100%        6
 Enfeeble                 Hex            0%         N/A       100%        7
 Haunt                    Necr/Summ      0%         N/A       100%        7
 Monstrous Menagerie      Summ           0%         N/A       100%        7
 Spellforged Servitor     Conj/Summ      0%         N/A       100%        7
 Summon Hydra             Summ           0%         N/A       100%        7
 Ignition                 Fire           0%         3d3       100%        8
 Lehudib's Crystal Spear  Conj/Erth      0%         10d2      100%        8


Dungeon Overview and Level Annotations

Branches:
Dungeon (15/15)            Temple (1/1) D:5            Lair (5/5) D:10
  Swamp (4/4) Lair:2       Spider (4/4) Lair:2        Slime (5/5) Lair:4
    Orc (2/2) D:11            Elf (3/3) Orc:2        Vaults (5/5) D:13
  Crypt (3/3) Vaults:3     Depths (4/4) D:15            Zot (5/5) Depths:4
Desolation (visited)      Gauntlet (visited)
   Tomb: Crypt:3

Altars:
Ashenzari
Cheibriados
Dithmenos
Elyvilon
Fedhas
Gozag
Hepliaklqana
Kikubaaqudgha
Makhleb
Nemelex Xobeh
Okawaru
Qazlal
Ru
Sif Muna
Trog
Uskayaw
Vehumet
Wu Jian
Xom
Yredelemnul
Zin
The Shining One
Jiyva

Shops:
D:6 [   D:11 ([*(   Orc:2 ?=?(   Elf:1 *   Elf:2 :   Elf:3 [   Vaults:3 (:*

Portals:
Hell: Depths:1 Depths:2 Depths:3 Depths:4
Abyss: Depths:1 Depths:2 Depths:3 Depths:4
Pandemonium: Orc:2 Depths:1 Depths:2
Ziggurat: Depths:4
Trove: Vaults:3 (give +5 fire dragon scales)

Annotations:
D:5 2 transporters, Bravepunisher's ghost, weakling SpMo
D:7 3 runed translucent doors, SnakkuSnakku7's ghost, novice DjMo
Lair:3 exclusion: oklob plant
Slime:5 Royal Jelly
Elf:2 3 runed translucent doors
Vaults:4 3 runed translucent doors, Zonian's ghost, adept HOFi
Vaults:5 !donotgo
Crypt:2 2 transporters, Kucw's ghost, adept GrFi
Zot:3 1 runed translucent door, Netemen's ghost, master GnFi


Innate Abilities, Weirdness & Mutations

You are an undying horror.
Your melee and unarmed attacks drain, slow and weaken victims.
You are immune to unholy pain and torment.
You cannot drink.
You are immune to poison.
You are too large for most types of armour.
You have claws for hands.
Your natural rate of healing is unusually fast.
You are covered in fur. (AC +1)
You have tough skin. (AC +1)
You have a pair of horns on your head.
You have sharp toenails.
You are mostly covered in iridescent scales. (AC +4)
You are completely covered in large bone plates. (SH +8)
Your flesh is heat resistant. (rF+)
You have an increased reservoir of magic. (+10% MP)
You are somewhat resistant to both further mutation and mutation removal.
Your rubbery body absorbs attacks. (AC +1, EV +1)
Armour fits poorly on your large pseudopods.
You have a small jelly attached to you that senses nearby items.
Your movements are slightly less encumbered by armour. (ER -2)


Message History

You see here a +0 robe.
Danger!
Jiyva gurgles merrily.
You hear a distant slurping noise.
You hear a distant slurping noise. x2
You hear a distant slurping noise.
Danger!
A lorocyproca comes into view.
There is a stone staircase leading up here.
Unknown command.
You climb upwards.
Level annotation: 2 transporters, Bravepunisher's ghost, weakling SpMo
There is a stone staircase leading down here.
Okay, then.
There is an escape hatch in the ceiling here.
A mysterious force pulls you upwards. The hatch slams shut behind you.
What level of the Dungeon? (default 1, ? - help)
Things that are here:
a +0 dagger; a +0 sling
There is a stone staircase leading up, spattered with blood here.
You climb upwards.
There is a stone staircase leading down, spattered with blood here.
Things that are here:
a +0 club; a +0 club An orange demon comes into view.
Danger!
Sotsim comes into view.
Sotsim barks, "Despair, thou loggerheaded guts-griping bounder!"
The orange demon moves out of view.
Sotsim gestures at you. You resist with almost no effort.
Sotsim gestures.
Sotsim flickers and vanishes for a moment.
There is a stone staircase leading down here.
Unknown command.
Danger!
There is a stone staircase leading up here.
Unknown command.
Sotsim gestures at you. You resist with almost no effort.
You climb upwards.
There is a stone staircase leading down here.
Unknown command.
What level of the Dungeon? (default 1, ? - help)
There is a stone staircase leading up here.
You climb upwards.
There is a stone staircase leading down here.
There is a staircase leading out of the dungeon here.
Unknown command.
You have escaped!

## ####### ######### #. ......#
#.......# #. ......# ##.#####.###
#> ......# #..###≈#.#≈## #.
......# #.###≈P≈.≈♣≈## #.
...÷..###.##≈P8P.♣8♣≈# #.
...........##≈P.z.♣≈# #.
......#######≈P...P≈############.
......# #≈P8P.P8P≈#...........
......#######≈P...P≈##..#######..
..........# ##≈#.#≈##....## #.#
..........# ###.###......# #..
..........####............######.
.................................
..>.......#####..........####.#..


There were no monsters in sight!

Vanquished Creatures
  2 dread liches
  5 ancient liches
  7 orbs of fire
  Mara (Vaults:2)
  Sojobo (Vaults:4)
  A royal mummy (Crypt:3)
  Boris (twice) (Vaults:3 Depths:3)
  7 Killer Klowns
  Vv (Vaults:3)
  2 curse toes
  Margery (Depths:2)
  Nikola (Swamp:2)
  15 golden dragons
  A bone dragon (Depths:4)
  the Enchantress (Depths:2)
  2 doom hounds (Depths:2)
  4 electric golems
  A hellephant (Depths:3)
  Jorgrun (Elf:1)
  Grunn (Depths:2)
  Asterion (Spider:1)
  15 tentacled monstrosities
  26 Orb Guardians
  6 quicksilver dragons
  4 liches
  2 deep elf master archers (Elf:3)
  9 death cobs
  2 deep elf blademasters (Elf:3)
  4 titans
  4 thorn hunters
  An Executioner (Depths:2)
  4 ancient champions
  7 shadow dragons
  5 sphinxes
  Donald (Vaults:1)
  Kirke (Elf:1)
  14 storm dragons
  9 tengu reavers
  7 protean progenitors
  12 draconian knights
  2 draconian monks
  4 revenants
  9 fire giants
  9 frost giants
  3 deep elf elementalists
  Roxanne (Spider:1)
  3 spectral caustic shrikes (Depths:4)
  7 draconian scorchers
  3 balrugs
  3 iron dragons
  6 draconian shifters
  2 orc warlords
  A caustic shrike zombie (Crypt:2)
  5 emperor scorpions
  7 ghost moths
  16 vault wardens
  3 draconian stormcallers
  4 imperial myrmidons (Desolation)
  2 curse skulls
  7 deep elf sorcerers
  8 draconian annihilators
  An angel (D:7)
  19 very ugly things
  2 cacodemons
  A caustic shrike skeleton (Depths:2)
  A reaper (Crypt:2)
  10 ghouls
  8 spriggan defenders
  19 ironbound preservers
  3 broodmothers
  8 stone giants
  4 vampire knights
  6 eleionomae
  9 black draconians
  11 ironbound thunderhulks
  7 deep elf death magi
  14 dire elephants
  12 green draconians
  7 deep elf annihilators
  A halazid warlock (Desolation)
  5 war gargoyles
  10 deep elf demonologists
  7 white draconians
  11 purple draconians
  9 spark wasps
  6 bunyips
  5 red draconians
  10 yellow draconians
  A minotaur (Gauntlet)
  10 ettins
  Josephine (D:14)
  15 yaktaur captains
  13 fire dragons
  3 crystal guardians
  4 eidola
  A green death (D:9)
  4 entropy weavers
  7 jiangshi
  2 mummy priests (Crypt:3)
  2 deep elf high priests
  3 spriggan zombies (Crypt:1)
  3 shambling mangroves
  Fannar (Lair:3)
  7 ragged hierophants (Desolation)
  41 vault guards
  5 ogre magi
  6 peacekeepers
  7 servants of whispers (Desolation)
  5 alligators
  13 ice dragons
  19 hydras
  2 ghost crabs
  6 spriggan air magi
  5 rakshasas
  A demonspawn (Orc:2)
  5 radroaches
  5 catoblepae
  3 ironbound frosthearts
  2 boulder beetles (Vaults:1)
  3 jorogumos
  A sphinx zombie (Depths:2)
  14 dancing weapons
  A satyr (Zot:1)
  5 deep troll earth magi
  2 two-headed ogres
  17 centaur warriors
  An Orb Guardian skeleton (Crypt:2)
  6 death knights
  2 occultists (Depths:1)
  15 demonic crawlers
  8 orc high priests
  5 deep troll shamans
  7 spriggan berserkers
  2 tengu warriors
  6 vampire magi
  16 spriggans
  11 hell knights
  7 sun demons
  14 deep elf knights
  2 soul eaters
  5 sixfirhies
  3 iron trolls
  4 shadow wraiths
  8 pharaoh ants
  A bunyip zombie (Crypt:2)
  3 anaconda zombies (Crypt:1)
  4 goliath frogs (Swamp:1)
  A cherub (Zot:1)
  66 deep trolls
  6 flayed ghosts
  16 skeletal warriors
  A spriggan druid (Swamp:4)
  A sun moth (Spider:2)
  11 swamp dragons
  10 lindwurms
  14 orb spiders
  18 deep elf archers
  2 shadow dragon zombies
  13 orc knights
  16 phantasmal warriors
  28 bog bodies
  An anaconda skeleton (Crypt:1)
  9 arcanists
  5 harpies (Vaults:2)
  13 necromancers
  2 spriggan simulacra
  2 tengu skeletons
  26 deep elf pyromancers
  A tengu zombie (Depths:2)
  13 steelbarb worms
  15 deep elf zephyrmancers
  19 ironbound convokers
  8 orc sorcerers
  13 wolf spiders
  A manticore (shapeshifter) (D:15)
  3 will-o-the-wisps
  55 ugly things
  A worldbinder (Gauntlet)
  An alligator skeleton (Crypt:1)
  3 meliai
  5 kobold blastminers
  30 moths of wrath
  7 elephants (Lair:3)
  A centaur zombie (Crypt:2)
  7 black mambas
  2 large abominations
  A frost giant skeleton (Depths:2)
  6 cyclopes
  20 vault sentinels
  A smoke demon (Orc:2)
  A guardian serpent (Lair:5)
  13 torpor snails
  2 gargoyles
  2 efreet (D:14)
  Jeremiah (D:6)
  A hellion (D:7)
  16 komodo dragons
  21 cane toads
  A catoblepas skeleton (Crypt:1)
  2 unseen horrors
  A rime drake (Lair:3)
  2 freezing wraiths
  A catoblepas zombie (Crypt:1)
  34 yaktaurs
  A red devil (Orc:2)
  28 guardian mummies (Crypt:3)
  2 harpy zombies (Crypt:1)
  An alligator snapping turtle skeleton (Crypt:1)
  5 trolls
  14 tyrant leeches
  A hydra zombie (Crypt:2)
  5 harpy skeletons
  A tengu simulacrum (Depths:2)
  29 hornets
  2 hellwings
  23 tarantellas
  35 saltlings (Desolation)
  A satyr zombie (Crypt:1)
  A centaur simulacrum (D:15)
  26 jumping spiders
  A frost giant simulacrum (Depths:1)
  22 culicivoras
  A vampire (D:10)
  6 water elementals
  9 wyverns
  10 ushabtiu (Crypt:3)
  A shadow (D:10)
  2 fire elementals
  A hog (shapeshifter) (D:14)
  5 humans (D:13)
  15 wraiths
  A hog (Elf:1)
  A wind drake skeleton (Crypt:3)
  43 yaks
  2 basilisks (D:15)
  2 neqoxecs
  3 chaos spawn (Gauntlet)
  4 wargs
  Menkaure (D:5)
  42 redbacks
  23 vampire mosquitoes
  A two-headed ogre zombie (Crypt:1)
  18 swamp worms
  18 water moccasins
  7 swamp drakes
  A sky beast (D:7)
  An ettin simulacrum (Depths:1)
  43 orc warriors
  3 black bears
  2 ice beasts
  A dream sheep zombie (Crypt:2)
  3 boggarts
  6 ogres
  10 laughing skulls
  5 wolves
  12 centaurs
  A manticore skeleton (Crypt:1)
  A lindwurm skeleton (Crypt:3)
  4 phantoms
  A kobold brigand (D:7)
  3 elf zombies (Elf:1)
  2 gnoll sergeants
  Blork the orc (D:5)
  5 bullfrogs
  A vine stalker zombie (Crypt:2)
  12 earth elementals
  3 scorpions (Lair:2)
  10 necrophages
  A salamander skeleton (Crypt:2)
  10 wights (D:8)
  17 killer bees
  A water moccasin skeleton (Crypt:3)
  2 electric eels
  4 howler monkeys
  3 bombardier beetles
  A yak skeleton (Crypt:3)
  29 orc priests
  A black bear skeleton (Crypt:2)
  2 gnoll boudas (D:6)
  A hound (D:7)
  Crazy Yiuf (D:2)
  A human skeleton (Crypt:1)
  Ijyb (D:4)
  2 iguanas
  16 orc wizards
  Terence (D:2)
  3 brain worm zombies (Crypt:1)
  A hound zombie (Crypt:1)
  A naga skeleton (Crypt:3)
  7 mummies (Crypt:3)
  Robin (D:3)
  15 gnolls
  10 adders
  4 ufetubi
  A dart slug (D:4)
  3 ribbon worms
  82 orcs
  3 ball pythons
  4 bats
  3 endoplasms
  3 giant cockroaches
  14 goblins
  11 hobgoblins
  5 jackals
  18 kobolds
  A quokka (D:4)
  4 frilled lizards
  A goblin zombie (Crypt:3)
  6 rats
  A rat skeleton (Crypt:1)
  5 aspiring fleshes
  A butterfly (Lair:4)
2296 creatures vanquished.

Vanquished Creatures (collateral kills)
  A meliai (D:13)
  A redback (Spider:3)
2 creatures vanquished.

Vanquished Creatures (others)
  A golden dragon (Zot:4)
  An acid blob (Swamp:4)
  An azure jelly (Elf:3)
  2 formless jellyfish
  An ironbound preserver (Vaults:4)
  An eleionoma (Swamp:4)
  A yaktaur captain (Vaults:4)
  4 great orbs of eyes
  A hydra (Swamp:4)
  A peacekeeper (Vaults:2)
  2 centaur warriors
  A two-headed ogre (shapeshifter) (Vaults:5)
  A shock serpent (shapeshifter) (Vaults:1)
  2 deep elf knights (Elf:1)
  Sonja (D:13)
  2 arcanists
  4 bog bodies
  A deep troll (Vaults:1)
  3 ironbound convokers
  A glowing orange brain (Depths:2)
  A swamp dragon (Swamp:4)
  2 deep elf zephyrmancers
  2 deep elf pyromancers
  A moth of wrath (Zot:1)
  A black mamba (Lair:4)
  A kobold blastminer (Orc:2)
  A meliai (shapeshifter) (D:13)
  A moth of wrath (shapeshifter) (Vaults:5)
  A vault sentinel (Vaults:1)
  3 eyes of devastation (shapeshifter) (Vaults:5)
  A glass eye (Depths:3)
  3 bloated husks
  17 slime creatures
  A culicivora (Spider:4)
  A swamp worm (Swamp:4)
  2 orc warriors
  A swamp drake (Swamp:4)
  A bullfrog (Lair:3)
  297 jellies
  A hound (D:7)
  An orc wizard (D:7)
  A mummy (Crypt:3)
  11 orcs
  A butterfly (Lair:4)
  4 foxfires
389 creatures vanquished.

Grand Total: 2687 creatures vanquished

Notes
Turn   | Place    | Note
-------+----------+-------------------------------------------
     0 | D:1      | Sobieck the Troll Monk began the quest for the Orb.
     0 | D:1      | Reached XP level 1. HP: 22/22 MP: 0/0
    54 | D:1      | Reached XP level 2. HP: 23/29 MP: 1/1
   609 | D:2      | Reached XP level 3. HP: 36/36 MP: 2/2
   611 | D:2      | Noticed Terence
   623 | D:2      | Killed Terence
   719 | D:2      | Found a faded altar of an unknown god.
   839 | D:2      | Reached XP level 4. HP: 44/44 MP: 3/3
  1333 | D:2      | Found a runed translucent door.
  1334 | D:2      | Noticed Crazy Yiuf
  1455 | D:2      | Killed Crazy Yiuf
  1536 | D:2      | Reached XP level 5. HP: 50/50 MP: 4/4
  1655 | D:2      | Reached skill level 6 in Unarmed Combat
  1832 | D:3      | Reached XP level 6. HP: 45/59 MP: 5/5
  2335 | D:4      | Noticed Robin
  2387 | D:3      | Killed Robin
  2559 | D:4      | Found a radiant altar of Vehumet.
  2581 | D:4      | Found a glowing silver altar of Zin.
  2763 | D:4      | Noticed Ijyb
  2774 | D:4      | Killed Ijyb
  2998 | D:4      | Reached XP level 7. HP: 64/66 MP: 6/6
  3373 | D:5      | Entered Level 5 of the Dungeon
  3403 | D:5      | Found a transporter.
  3412 | D:5      | Found a transporter.
  3412 | D:5      | Noticed Bravepunisher's ghost (weakling SpMo)
  3480 | D:5      | Noticed Menkaure
  3492 | D:5      | Killed Menkaure
  3493 | D:5      | Reached skill level 9 in Unarmed Combat
  3573 | D:5      | Found a staircase to the Ecumenical Temple.
  3602 | Temple   | Entered the Ecumenical Temple
  3618 | Temple   | Became a worshipper of Jiyva Juryal the Shapeless
  3618 | Temple   | Reached * piety under Jiyva
  3618 | Temple   | Reached ** piety under Jiyva
  3801 | D:5      | Found a shimmering altar of Xom.
  3956 | D:5      | Noticed Blork the orc
  3970 | D:5      | Reached skill level 1 in Throwing
  3974 | D:5      | Killed Blork the orc
  3975 | D:5      | Reached XP level 8. HP: 74/74 MP: 7/7
  4041 | D:6      | Found a basalt altar of Yredelemnul.
  4090 | D:6      | Reached skill level 3 in Fighting
  4232 | D:6      | Found Keill's Antique Armour Emporium.
  4294 | D:6      | Noticed Jeremiah
  4437 | D:6      | Reached skill level 3 in Throwing
  4479 | D:6      | Killed Jeremiah
  4480 | D:6      | Reached XP level 9. HP: 44/85 MP: 8/8
  4559 | D:6      | Identified the +10 rapier "Qugafas" {freeze, Int+5}
  4591 | D:6      | Reached *** piety under Jiyva
  4591 | D:6      | Gained mutation: You have large cloven feet. [Jiyva's
                  | grace]
  4591 | D:6      | Gained mutation: You have hoof-like feet. [Jiyva's grace]
  4591 | D:6      | Gained mutation: You have hooves in place of feet. [Jiyva's
                  | grace]
  4591 | D:6      | Gained mutation: Your mind is acute. (Int +4, Str/Dex -1)
                  | [Jiyva's grace]
  5219 | D:7      | Found a runed translucent gate.
  5243 | D:7      | Found a runed translucent gate.
  5243 | D:7      | Found a runed translucent gate.
  5247 | D:7      | Found an opulent altar of Gozag.
  5247 | D:7      | Noticed a purple ugly thing
  5248 | D:7      | Noticed a two-headed ogre
  5249 | D:7      | Noticed SnakkuSnakku7's ghost (novice DjMo)
  5249 | D:7      | Noticed a deep elf pyromancer
  5339 | D:7      | Found a white marble altar of Elyvilon.
  5339 | D:7      | Found a sparkling altar of Nemelex Xobeh.
  5390 | D:7      | Reached **** piety under Jiyva
  5444 | D:7      | Found a shadowy altar of Dithmenos.
  5501 | D:7      | Found a broken altar of Ashenzari.
  5507 | D:7      | Found a bloodstained altar of Trog.
  5966 | D:8      | Reached skill level 6 in Fighting
  5969 | D:8      | Reached XP level 10. HP: 55/98 MP: 9/9
  6021 | D:8      | Reached skill level 6 in Throwing
  6911 | D:9      | Noticed a two-headed ogre
  6914 | D:9      | Killed a two-headed ogre
  6915 | D:9      | Reached skill level 12 in Unarmed Combat
  6920 | D:9      | Lost mutation: You have hooves in place of feet. [Jiyva's
                  | grace]
  6920 | D:9      | Gained mutation: You have hooves in place of feet. [Jiyva's
                  | grace]
  6920 | D:9      | Gained mutation: Your body has grown eyes which may confuse
                  | attackers. (Acc +3) [Jiyva's grace]
  6920 | D:9      | Gained mutation: Your body has grown many eyes which may
                  | confuse attackers. (Acc +5) [Jiyva's grace]
  6920 | D:9      | Gained mutation: Your body is covered in eyes which may
                  | confuse attackers. (Acc +7, SInv) [Jiyva's grace]
  6950 | D:9      | Reached ***** piety under Jiyva
  7298 | D:10     | Entered Level 10 of the Dungeon
  7374 | D:10     | Found the +18 Lear's hauberk
  7467 | D:10     | Reached XP level 11. HP: 99/109 MP: 10/10
  7548 | D:10     | Found a snail-covered altar of Cheibriados.
  7641 | D:10     | Found a staircase to the Lair.
  7719 | D:10     | Found a burning altar of Makhleb.
  7843 | D:11     | Found Tucero Ufergh's Weapon Shoppe.
  7886 | D:11     | Found Jelil's Antique Armour Shop.
  7919 | D:11     | Found Eroleat's Weapon Shoppe.
  7948 | D:11     | Found a gate leading to a gauntlet.
  7953 | Gauntlet | Entered a Gauntlet
  7953 | Gauntlet | Found a transporter.
  7953 | Gauntlet | Found a transporter.
  7957 | Gauntlet | Found a transporter.
  7957 | Gauntlet | Noticed a soul eater
  7959 | Gauntlet | Found a large runed translucent door.
  7960 | Gauntlet | Found a large runed translucent door.
  7961 | Gauntlet | Found a large runed translucent door.
  7961 | Gauntlet | Found a large runed translucent door.
  7961 | Gauntlet | Found a runed translucent door.
  7961 | Gauntlet | Found a runed translucent door.
  7962 | Gauntlet | Found a large runed translucent door.
  7962 | Gauntlet | Found a large runed translucent door.
  7962 | Gauntlet | Found a large runed translucent door.
  7962 | Gauntlet | Found a large runed translucent door.
  7963 | Gauntlet | Found a large runed translucent door.
  7964 | Gauntlet | Found a large runed translucent door.
  7964 | Gauntlet | Found a transporter.
  7977 | Gauntlet | Found a large runed translucent door.
  7977 | Gauntlet | Found a large runed translucent door.
  7978 | Gauntlet | Found a large runed translucent door.
  7978 | Gauntlet | Found a large runed translucent door.
  7978 | Gauntlet | Found a large runed translucent door.
  7978 | Gauntlet | Found a large runed translucent door.
  7981 | Gauntlet | Found a runed translucent gate.
  7981 | Gauntlet | Found a runed translucent gate.
  7981 | Gauntlet | Found a runed translucent gate.
  7983 | Gauntlet | Found a transporter.
  7989 | Gauntlet | Noticed a lightning spire
  7990 | Gauntlet | Found a transporter.
  7993 | Gauntlet | Found a transporter.
  8017 | Gauntlet | Found a transporter.
  8036 | Gauntlet | Found a transporter.
  8053 | Gauntlet | Found a transporter.
  8060 | Gauntlet | Found a transporter.
  8096 | Gauntlet | Found a transporter.
  8111 | Gauntlet | Lost mutation: Your mind is acute. (Int +4, Str/Dex -1)
                  | [Jiyva's grace]
  8111 | Gauntlet | Lost mutation: Your body is covered in eyes which may
                  | confuse attackers. (Acc +7, SInv) [Jiyva's grace]
  8111 | Gauntlet | Gained mutation: You are somewhat resistant to further
                  | mutation. [Jiyva's grace]
  8111 | Gauntlet | Gained mutation: You are somewhat resistant to both further
                  | mutation and mutation removal. [Jiyva's grace]
  8111 | Gauntlet | Gained mutation: You are almost entirely resistant to
                  | further mutation and mutation removal. [Jiyva's grace]
  8111 | Gauntlet | Gained mutation: Your translucent skin slightly reduces
                  | your foes' accuracy. (Stealth+) [Jiyva's grace]
  8117 | Gauntlet | Found a transporter.
  8125 | Gauntlet | Found a transporter.
  8221 | Gauntlet | Found a transporter.
  8239 | Gauntlet | Found a transporter.
  8382 | Gauntlet | Noticed a seven-headed hydra
  8383 | Gauntlet | Noticed a tengu warrior
  8392 | Gauntlet | Identified the amulet of Doddyif {RegenMP ^Fragile Str+4
                  | Int+2 Dex+3}
  8445 | Gauntlet | Identified the +0 helmet of Dogmatism {Harm rPois rC-}
  8460 | Gauntlet | Identified the +8 chain mail of the Meadowlark {rF+ Will-
                  | Dex+3}
  8460 | Gauntlet | Noticed a minotaur
  8473 | Gauntlet | Killed a minotaur
  8498 | Gauntlet | Identified the +0 pair of gloves of Hohavops {rF+ Int+2}
  8501 | Gauntlet | Identified the +0 cloak of Day {Slay+3 Stlth+}
  8502 | Gauntlet | Got the Catalogue of Planar Conjury
  8656 | D:11     | Found a flickering gateway to a bazaar.
  8748 | Bazaar   | Entered a bazaar
  8748 | Bazaar   | Found Ruzynyla's Antique Armour Shop.
  8748 | Bazaar   | Found Atone's General Store.
  8792 | Bazaar   | Found Naisch's Antique Weapon Shop.
  8815 | Bazaar   | Bought a potion of mutation for 80 gold pieces
  8815 | Bazaar   | Bought a scroll of blinking for 75 gold pieces
  8815 | Bazaar   | Bought a potion of curing for 30 gold pieces
  8845 | D:11     | Found Nuprul's General Store.
  8901 | D:11     | Found a staircase to the Orcish Mines.
  8919 | D:11     | Bought a masterwork cloak for 266 gold pieces
  8919 | D:11     | Identified the +2 cloak of Fuofahacs {rElec rN++ Int+3
                  | Dex-2} (You bought it in a shop on level 11 of the Dungeon)
  9019 | D:11     | Reached skill level 1 in Shields
  9188 | D:11     | Noticed a green ugly thing
  9196 | D:11     | Killed a green ugly thing
  9248 | D:11     | Reached ****** piety under Jiyva
  9435 | D:12     | Noticed a green ugly thing
  9442 | D:12     | Killed a green ugly thing
  9443 | D:12     | Reached skill level 3 in Shields
  9560 | D:12     | Noticed a skeletal warrior
  9562 | D:12     | Noticed a skeletal warrior
  9563 | D:12     | Noticed a skeletal warrior
  9569 | D:12     | Killed a skeletal warrior
  9577 | D:12     | Killed a skeletal warrior
  9582 | D:12     | Killed a skeletal warrior
  9583 | D:12     | Reached XP level 12. HP: 92/122 MP: 11/11
  9840 | D:12     | Noticed a six-headed hydra
  9846 | D:12     | Reached skill level 6 in Shields
  9853 | D:12     | Killed a 13-headed hydra
 10161 | D:13     | Noticed a vault guard
 10161 | D:13     | Noticed a vault guard
 10161 | D:13     | Noticed a vault guard
 10161 | D:13     | Noticed a vault guard
 10161 | D:13     | Noticed a vault guard
 10167 | D:13     | Noticed a vault guard
 10169 | D:13     | Killed a vault guard
 10171 | D:13     | Noticed a vault guard
 10175 | D:13     | Killed Sonja
 10181 | D:13     | Killed a vault guard
 10185 | D:13     | Killed a vault guard
 10211 | D:12     | Killed a vault guard
 10221 | D:13     | Killed a vault guard
 10258 | D:13     | Identified the +8 plate armour of Hedonism {rF+ Dex+3}
 10271 | D:13     | Killed a vault guard
 10272 | D:13     | Reached skill level 9 in Shields
 10274 | D:13     | Killed a vault guard
 10351 | D:13     | Noticed a seven-headed hydra
 10360 | D:13     | Killed an 11-headed hydra
 10383 | D:13     | Noticed a catoblepas
 10407 | D:13     | Killed a catoblepas
 10421 | D:13     | Noticed a catoblepas
 10440 | D:13     | Killed a catoblepas
 10468 | D:13     | Lost mutation: You are almost entirely resistant to further
                  | mutation and mutation removal. [Jiyva's grace]
 10468 | D:13     | Lost mutation: You are somewhat resistant to both further
                  | mutation and mutation removal. [Jiyva's grace]
 10468 | D:13     | Lost mutation: Your body has grown many eyes which may
                  | confuse attackers. (Acc +5) [Jiyva's grace]
 10468 | D:13     | Lost mutation: Your body has grown eyes which may confuse
                  | attackers. (Acc +3) [Jiyva's grace]
 10468 | D:13     | Lost mutation: Your translucent skin slightly reduces your
                  | foes' accuracy. (Stealth+) [Jiyva's grace]
 10468 | D:13     | Gained mutation: You have acidic saliva. [Jiyva's grace]
 10468 | D:13     | Gained mutation: Your body has grown eyes which may confuse
                  | attackers. (Acc +3) [Jiyva's grace]
 10468 | D:13     | Gained mutation: Your body has grown many eyes which may
                  | confuse attackers. (Acc +5) [Jiyva's grace]
 10468 | D:13     | Gained mutation: Your body is covered in eyes which may
                  | confuse attackers. (Acc +7, SInv) [Jiyva's grace]
 10507 | D:13     | Noticed a two-headed ogre
 10527 | D:13     | Killed a two-headed ogre
 10627 | D:13     | Noticed a centaur warrior
 10636 | D:13     | Killed a centaur warrior
 10637 | D:13     | Reached skill level 9 in Fighting
 10786 | D:13     | Reached skill level 15 in Unarmed Combat
 10786 | D:13     | Reached XP level 13. HP: 131/131 MP: 12/12
 10861 | D:13     | Found a gate to the Vaults.
 11250 | D:14     | Noticed Josephine
 11272 | D:14     | Killed Josephine
 11282 | D:14     | Noticed Agnes
 11286 | D:14     | Slimified Agnes
 11286 | D:14     | Agnes changed into Agnes the slime creature
 11286 | D:14     | Noticed Agnes
 11368 | D:14     | Noticed Rupert
 11382 | D:14     | Slimified Rupert
 11382 | D:14     | Rupert changed into Rupert the acid blob
 11382 | D:14     | Noticed Rupert
 11783 | D:15     | Entered Level 15 of the Dungeon
 12066 | D:15     | HP: 5/135 [ice dragon (9)]
 12451 | D:15     | Found a staircase to the Depths.
 12787 | D:15     | Reached XP level 14. HP: 142/144 MP: 13/13
 12979 | Lair:1   | Entered Level 1 of the Lair of Beasts
 13003 | Lair:1   | Lost mutation: Your body is covered in eyes which may
                  | confuse attackers. (Acc +7, SInv) [Jiyva's grace]
 13003 | Lair:1   | Gained mutation: You have a small jelly attached to you
                  | that may absorb projectiles. [Jiyva's grace]
 13003 | Lair:1   | Gained mutation: You are agile. (Dex +4, Str/Int -1)
                  | [Jiyva's grace]
 13003 | Lair:1   | Gained mutation: You are very agile. (Dex +8, Str/Int -2)
                  | [Jiyva's grace]
 13003 | Lair:1   | Gained mutation: Your flesh is heat resistant. (rF+)
                  | [Jiyva's grace]
 13724 | Lair:2   | Found a hole to the Spider Nest.
 13966 | Lair:2   | Found a staircase to the Swamp.
 14678 | Lair:3   | Reached skill level 18 in Unarmed Combat
 14967 | Lair:3   | Lost mutation: You have hooves in place of feet. [Jiyva's
                  | grace]
 14967 | Lair:3   | Gained mutation: Your system is resistant to poisons.
                  | (rPois) [Jiyva's grace]
 14967 | Lair:3   | Gained mutation: You are robust. (+10% HP) [Jiyva's grace]
 14967 | Lair:3   | Gained mutation: You are very robust. (+20% HP) [Jiyva's
                  | grace]
 14967 | Lair:3   | Gained mutation: You are extremely robust. (+30% HP)
                  | [Jiyva's grace]
 14979 | Lair:3   | Noticed Fannar
 14988 | Lair:3   | Killed Fannar
 15773 | Lair:4   | Identified a scroll of acquirement
 15776 | Lair:4   | Acquired the ring "Niher" {rElec rC+ Int+3 SInv Stlth+}
 16135 | Lair:4   | Found a staircase to the Slime Pits.
 16509 | Lair:5   | Entered Level 5 of the Lair of Beasts
 16573 | Lair:5   | Lost mutation: You have hoof-like feet. [Jiyva's grace]
 16573 | Lair:5   | Lost mutation: You are somewhat resistant to further
                  | mutation. [Jiyva's grace]
 16573 | Lair:5   | Lost mutation: You are extremely robust. (+30% HP) [Jiyva's
                  | grace]
 16573 | Lair:5   | Lost mutation: Your body has grown many eyes which may
                  | confuse attackers. (Acc +5) [Jiyva's grace]
 16573 | Lair:5   | Lost mutation: You have a small jelly attached to you that
                  | may absorb projectiles. [Jiyva's grace]
 16573 | Lair:5   | Gained mutation: Armour fits poorly on your pseudopods.
                  | [Jiyva's grace]
 16573 | Lair:5   | Gained mutation: Armour fits poorly on your large
                  | pseudopods. [Jiyva's grace]
 16573 | Lair:5   | Gained mutation: Armour fits poorly on your massive
                  | pseudopods. [Jiyva's grace]
 16573 | Lair:5   | Gained mutation: You are resistant to electric shocks.
                  | (rElec) [Jiyva's grace]
 16972 | Lair:5   | Reached skill level 1 in Shapeshifting
 17235 | Lair:5   | Reached skill level 3 in Shapeshifting
 17726 | Lair:5   | Reached XP level 15. HP: 176/184 MP: 14/14
 17737 | Lair:5   | Paralysed by a hornet for 2 turns
 17786 | Lair:5   | Reached skill level 6 in Shapeshifting
 17875 | Slime:1  | Entered Level 1 of the Pits of Slime
 17912 | Slime:5  | Entered Level 5 of the Pits of Slime
 17927 | Slime:5  | Noticed a rockslime
 17928 | Slime:5  | Found a viscous altar of Jiyva.
 17934 | Slime:5  | Noticed a rockslime
 17956 | Slime:5  | Got a starry gem with 521 turns to spare
 17958 | Slime:5  | Got a slimy rune of Zot
 17958 | Slime:5  | Noticed an acid blob
 17960 | Slime:5  | Identified the +1 leather armour of Numouk {Rampage Regen+}
 17965 | Slime:5  | Noticed a rockslime
 17966 | Slime:5  | Noticed an acid blob
 17966 | Slime:5  | Found the +0 mask of the Dragon {Will+ Slay+3 SInv}
 17973 | Slime:5  | Got the Atlas of Conjuration
 17981 | Slime:5  | Identified the +1 dire flail of the Middle {flame, MP+9
                  | Dex+4}
 17982 | Slime:5  | Identified the ring "Unwos" {Ice Str+3}
 17990 | Slime:5  | Noticed a rockslime
 18015 | Slime:5  | Noticed the Royal Jelly
 18017 | Slime:5  | Noticed an acid blob
 18029 | Slime:5  | Noticed a rockslime
 18029 | Slime:5  | Noticed an acid blob
 18272 | Lair:5   | Identified the serpent talisman of Mysticism {rF+ rC++
                  | Str-3 Stlth+}
 18526 | Orc:1    | Entered Level 1 of the Orcish Mines
 18902 | Orc:2    | Entered Level 2 of the Orcish Mines
 18916 | Orc:2    | Noticed Saint Roka
 19039 | Orc:2    | Paralysed by an orc sorcerer for 4 turns
 19130 | Orc:1    | Slimified Saint Roka
 19130 | Orc:1    | Saint Roka changed into Saint Roka the azure jelly
 19130 | Orc:1    | Noticed Saint Roka
 19191 | Orc:2    | Found a staircase to the Elven Halls.
 19241 | Orc:2    | Lost mutation: You are resistant to electric shocks.
                  | (rElec) [Jiyva's grace]
 19241 | Orc:2    | Gained mutation: Your rubbery body absorbs attacks. (AC +1,
                  | EV +1) [Jiyva's grace]
 19241 | Orc:2    | Gained mutation: Your pliable body absorbs attacks. (AC +2,
                  | EV +2) [Jiyva's grace]
 19241 | Orc:2    | Gained mutation: Your gelatinous body deflects attacks. (AC
                  | +3, EV +3) [Jiyva's grace]
 19241 | Orc:2    | Gained mutation: Your spells are a little harder to cast,
                  | but a little more powerful. [Jiyva's grace]
 19284 | Orc:2    | Found Fimiur's Magic Scroll Shoppe.
 19290 | Orc:2    | Found Boeruig's Magic Scroll Emporium.
 19324 | Orc:2    | Reached skill level 9 in Shapeshifting
 19452 | Orc:2    | Found Ydej's Jewellery Shop.
 19452 | Orc:2    | Found Casewniz's Antique Weapon Boutique.
 19452 | Orc:2    | Found a one-way gate leading to the halls of Pandemonium.
 19696 | Orc:2    | Bought a blade talisman for 510 gold pieces
 19885 | Swamp:1  | Entered Level 1 of the Swamp
 20122 | Swamp:1  | You fall into a shaft and drop 1 floor!
 20131 | Swamp:2  | Noticed a thorn hunter
 20186 | Swamp:2  | Reached XP level 16. HP: 185/195 MP: 15/15
 20211 | Swamp:2  | Killed a thorn hunter
 20213 | Swamp:2  | Noticed Nikola
 20220 | Swamp:2  | Killed Nikola
 20221 | Swamp:2  | Reached skill level 12 in Shapeshifting
 20376 | Swamp:1  | Found a glacial archway.
 21276 | Swamp:3  | Noticed a thorn hunter
 21302 | Swamp:2  | Killed a thorn hunter
 21367 | Swamp:3  | Noticed a thorn hunter
 21386 | Swamp:3  | Killed a thorn hunter
 21442 | Swamp:3  | Lost mutation: Your system is resistant to poisons. (rPois)
                  | [Jiyva's grace]
 21442 | Swamp:3  | Lost mutation: You are very robust. (+20% HP) [Jiyva's
                  | grace]
 21442 | Swamp:3  | Lost mutation: You have acidic saliva. [Jiyva's grace]
 21442 | Swamp:3  | Gained mutation: You are somewhat resistant to further
                  | mutation. [Jiyva's grace]
 21442 | Swamp:3  | Gained mutation: You are somewhat resistant to both further
                  | mutation and mutation removal. [Jiyva's grace]
 21442 | Swamp:3  | Gained mutation: You are almost entirely resistant to
                  | further mutation and mutation removal. [Jiyva's grace]
 21442 | Swamp:3  | Gained mutation: You have hoof-like feet. [Jiyva's grace]
 21730 | Swamp:4  | Entered Level 4 of the Swamp
 21842 | Swamp:4  | Noticed Louise
 21852 | Swamp:4  | Slimified Louise
 21852 | Swamp:4  | Louise changed into Louise the acid blob
 21852 | Swamp:4  | Noticed Louise
 21960 | Swamp:4  | Reached skill level 15 in Shapeshifting
 21981 | Swamp:4  | Killed Louise the acid blob
 22070 | Swamp:4  | Noticed a thorn hunter
 22100 | Swamp:4  | Killed a thorn hunter
 22127 | Swamp:4  | Noticed the 27-headed Lernaean hydra
 22130 | Swamp:4  | Slimified the 27-headed Lernaean hydra
 22130 | Swamp:4  | the 27-headed Lernaean hydra changed into an azure jelly
                  | shaped Lernaean hydra
 22130 | Swamp:4  | Noticed an azure jelly shaped Lernaean hydra
 22137 | Swamp:4  | Got a decaying rune of Zot
 22338 | Swamp:4  | Reached XP level 17. HP: 156/188 MP: 16/16
 22582 | Swamp:4  | Identified the flux talisman of the Orb {Fly rElec rC++
                  | Stlth+}
 22618 | Swamp:4  | Identified the +2 trident of Greed {freeze, +Blink rCorr
                  | MP+9 Str-5}
 22736 | Swamp:4  | Found a shimmering altar of Xom.
 23056 | Spider:1 | Entered Level 1 of the Spider Nest
 23159 | Spider:1 | Noticed Asterion
 23168 | Spider:1 | Killed Asterion
 23335 | Spider:1 | Noticed Roxanne
 23348 | Spider:1 | Killed Roxanne
 23475 | Spider:1 | Identified the +11 hand axe "Qomeiz" {flame, Str+4 SInv}
 23879 | Spider:1 | Lost mutation: You have hoof-like feet. [Jiyva's grace]
 23879 | Spider:1 | Lost mutation: You are very agile. (Dex +8, Str/Int -2)
                  | [Jiyva's grace]
 23879 | Spider:1 | Lost mutation: You are almost entirely resistant to further
                  | mutation and mutation removal. [Jiyva's grace]
 23879 | Spider:1 | Lost mutation: You are somewhat resistant to both further
                  | mutation and mutation removal. [Jiyva's grace]
 23879 | Spider:1 | Lost mutation: Your gelatinous body deflects attacks. (AC
                  | +3, EV +3) [Jiyva's grace]
 23879 | Spider:1 | Lost mutation: Armour fits poorly on your massive
                  | pseudopods. [Jiyva's grace]
 23879 | Spider:1 | Gained mutation: You have an increased reservoir of magic.
                  | (+10% MP) [Jiyva's grace]
 23879 | Spider:1 | Gained mutation: You have a considerably increased
                  | reservoir of magic. (+20% MP) [Jiyva's grace]
 23879 | Spider:1 | Gained mutation: You have a greatly increased reservoir of
                  | magic. (+30% MP) [Jiyva's grace]
 23879 | Spider:1 | Gained mutation: You heal very quickly. [Jiyva's grace]
 24663 | Spider:2 | Reached skill level 18 in Shapeshifting
 25942 | Spider:3 | Reached XP level 18. HP: 196/196 MP: 22/22
 26035 | Spider:3 | Lost mutation: You have a greatly increased reservoir of
                  | magic. (+30% MP) [Jiyva's grace]
 26035 | Spider:3 | Lost mutation: You have a considerably increased reservoir
                  | of magic. (+20% MP) [Jiyva's grace]
 26035 | Spider:3 | Lost mutation: You are somewhat resistant to further
                  | mutation. [Jiyva's grace]
 26035 | Spider:3 | Lost mutation: You heal very quickly. [Jiyva's grace]
 26035 | Spider:3 | Lost mutation: Your spells are a little harder to cast, but
                  | a little more powerful. [Jiyva's grace]
 26035 | Spider:3 | Lost mutation: Your body has grown eyes which may confuse
                  | attackers. (Acc +3) [Jiyva's grace]
 26035 | Spider:3 | Lost mutation: Your pliable body absorbs attacks. (AC +2,
                  | EV +2) [Jiyva's grace]
 26035 | Spider:3 | Gained mutation: You are covered in slimy tendrils that may
                  | disarm your opponents. [Jiyva's grace]
 26035 | Spider:3 | Gained mutation: Your flesh is very heat resistant. (rF++)
                  | [Jiyva's grace]
 26035 | Spider:3 | Gained mutation: Your flesh is almost immune to the effects
                  | of heat. (rF+++) [Jiyva's grace]
 26035 | Spider:3 | Gained mutation: You have a small jelly attached to you
                  | that senses nearby items. [Jiyva's grace]
 26171 | Spider:4 | Entered Level 4 of the Spider Nest
 26410 | Spider:4 | Reached skill level 12 in Fighting
 26826 | Spider:4 | Got a gossamer rune of Zot
 27137 | Elf:1    | Entered Level 1 of the Elven Halls
 27364 | Elf:1    | Noticed Jorgrun
 27376 | Elf:1    | Killed Jorgrun
 27615 | Elf:1    | Noticed Kirke
 27618 | Elf:1    | Killed Kirke
 27619 | Elf:1    | Reached skill level 3 in Dodging
 27781 | Elf:1    | Found Icia's Assorted Antiques.
 28138 | Elf:2    | Found Siamapow's Book Boutique.
 28184 | Elf:2    | Found a runed translucent gate.
 28184 | Elf:2    | Found a runed translucent gate.
 28184 | Elf:2    | Found a runed translucent gate.
 28383 | Elf:3    | Entered Level 3 of the Elven Halls
 28411 | Elf:3    | Lost mutation: You are robust. (+10% HP) [Jiyva's grace]
 28411 | Elf:3    | Lost mutation: You are covered in slimy tendrils that may
                  | disarm your opponents. [Jiyva's grace]
 28411 | Elf:3    | Lost mutation: You have large cloven feet. [Jiyva's grace]
 28411 | Elf:3    | Gained mutation: You have sharp toenails. [Jiyva's grace]
 28411 | Elf:3    | Gained mutation: You have razor-sharp toenails. [Jiyva's
                  | grace]
 28411 | Elf:3    | Gained mutation: You have claws for feet. [Jiyva's grace]
 28411 | Elf:3    | Gained mutation: You have very sharp teeth. [Jiyva's grace]
 28419 | Elf:2    | Reached XP level 19. HP: 191/191 MP: 19/19
 28441 | Elf:3    | Got the Textbook on Battling
 28857 | Elf:3    | Found Jayhus's Armour Boutique.
 29024 | Elf:3    | Identified the +8 trident of a bailey {pain, rElec rC+
                  | Str-4}
 29024 | Elf:3    | Identified the amulet of Ewufounn {Acrobat +Blink rPois
                  | Regen+ Str-5}
 29050 | Elf:3    | Noticed a Tzitzimitl
 29056 | Elf:3    | Identified the +3 glaive "Naink" {protect, Stlth+}
 29056 | Elf:3    | Identified the +0 acid dragon scales "Gaxtao Waur" {rPois
                  | rCorr}
 29057 | Elf:3    | Noticed a Brimstone Fiend
 29073 | Elf:3    | Noticed a Brimstone Fiend
 29081 | Elf:3    | Noticed a Tzitzimitl
 29199 | Elf:3    | Reached skill level 12 in Shields
 29357 | Elf:3    | Got the Secrets of the Phantasmal Curse
 29424 | Elf:3    | Identified the staff "Talaiqox" {rF- Stlth+ Necro Earth}
 29428 | Elf:3    | Got the Octavo of the Cwm
 29431 | Elf:3    | Got Keddac's Almanac of the Crucible
 29776 | Vaults:1 | Entered Level 1 of the Vaults
 29835 | Vaults:1 | Noticed Donald
 29842 | Vaults:1 | Killed Donald
 30220 | Vaults:1 | Reached skill level 9 in Throwing
 30330 | Vaults:1 | Reached skill level 6 in Dodging
 30449 | Vaults:1 | Reached XP level 20. HP: 202/202 MP: 21/21
 30674 | Vaults:1 | Lost mutation: Your flesh is almost immune to the effects
                  | of heat. (rF+++) [Jiyva's grace]
 30674 | Vaults:1 | Gained mutation: You heal very quickly. [Jiyva's grace]
 30674 | Vaults:1 | Gained mutation: You regenerate. [Jiyva's grace]
 30674 | Vaults:1 | Gained mutation: You are partially covered in iridescent
                  | scales. (AC +2) [Jiyva's grace]
 30674 | Vaults:1 | Gained mutation: You are mostly covered in iridescent
                  | scales. (AC +4) [Jiyva's grace]
 30972 | Vaults:2 | Reached skill level 21 in Unarmed Combat
 31033 | Vaults:2 | Noticed Mara
 31040 | Vaults:2 | Noticed Sobieck's illusion
 31042 | Vaults:2 | Killed Mara
 32221 | Vaults:3 | You fall into a shaft and drop 1 floor!
 32321 | Vaults:3 | Found a crumbling gateway.
 32328 | Desolati | Entered the Desolation of Salt
 32345 | Desolati | Lost mutation: You have claws for feet. [Jiyva's grace]
 32345 | Desolati | Lost mutation: You are mostly covered in iridescent scales.
                  | (AC +4) [Jiyva's grace]
 32345 | Desolati | Lost mutation: You have an increased reservoir of magic.
                  | (+10% MP) [Jiyva's grace]
 32345 | Desolati | Lost mutation: You regenerate. [Jiyva's grace]
 32345 | Desolati | Lost mutation: You heal very quickly. [Jiyva's grace]
 32345 | Desolati | Gained mutation: You are somewhat resistant to further
                  | mutation. [Jiyva's grace]
 32345 | Desolati | Gained mutation: You are somewhat resistant to both further
                  | mutation and mutation removal. [Jiyva's grace]
 32345 | Desolati | Gained mutation: You are almost entirely resistant to
                  | further mutation and mutation removal. [Jiyva's grace]
 32345 | Desolati | Gained mutation: You are mostly covered in iridescent
                  | scales. (AC +4) [Jiyva's grace]
 32401 | Desolati | Identified the +1 chain mail of the Skies Above {Will+
                  | Regen+ rCorr Dex+4}
 32507 | Desolati | Reached XP level 21. HP: 214/214 MP: 20/20
 32536 | Desolati | Identified the amulet "Dentaris" {RegenMP +Blink rCorr}
 32630 | Desolati | Identified the +0 helmet of New Discoveries {rPois Regen+}
 32938 | Vaults:3 | Found Upyacawkel's Book Shop.
 33087 | Vaults:3 | Found Lahuth's Assorted Antiques.
 33122 | Vaults:3 | Bought a condenser vane for 1080 gold pieces
 33122 | Vaults:3 | Bought a scroll of teleportation for 81 gold pieces
 33195 | Vaults:3 | Found a portal to a secret trove of treasure.
 33326 | Vaults:3 | Found a staircase to the Crypt.
 33456 | Vaults:3 | Found Baiserr's Antique Weapon Emporium.
 33706 | Vaults:4 | Lost mutation: You have razor-sharp toenails. [Jiyva's
                  | grace]
 33706 | Vaults:4 | Lost mutation: You are mostly covered in iridescent scales.
                  | (AC +4) [Jiyva's grace]
 33706 | Vaults:4 | Lost mutation: You are almost entirely resistant to further
                  | mutation and mutation removal. [Jiyva's grace]
 33706 | Vaults:4 | Gained mutation: Your movements are slightly less
                  | encumbered by armour. (ER -2) [Jiyva's grace]
 33706 | Vaults:4 | Gained mutation: Your movements are less encumbered by
                  | armour. (ER -4) [Jiyva's grace]
 33706 | Vaults:4 | Gained mutation: Your movements are significantly less
                  | encumbered by armour. (ER -6) [Jiyva's grace]
 33706 | Vaults:4 | Gained mutation: You are mostly covered in iridescent
                  | scales. (AC +4) [Jiyva's grace]
 33964 | Vaults:4 | Found a runed translucent gate.
 33965 | Vaults:4 | Found a runed translucent gate.
 33965 | Vaults:4 | Found a runed translucent gate.
 33968 | Vaults:4 | Noticed Zonian's ghost (adept HOFi)
 33968 | Vaults:4 | Identified the +0 barding of Coobaymo {rF+}
 33989 | Vaults:4 | Noticed Sojobo
 34001 | Vaults:4 | Paralysed by an air elemental for 1 turns
 34005 | Vaults:4 | Killed Sojobo
 34006 | Vaults:4 | Reached skill level 12 in Throwing
 34110 | Vaults:4 | Identified the +8 great sword "Jodaoczi" {heavy, rElec rC+
                  | SInv}
 34320 | Vaults:4 | Reached skill level 15 in Fighting
 34665 | Vaults:5 | Entered Level 5 of the Vaults
 34667 | Vaults:5 | Noticed an ancient lich
 34668 | Vaults:5 | Noticed a golden dragon
 34695 | Vaults:5 | Identified the ring of Woutafo {+Blink rPois Will- Dex+6}
 34817 | Vaults:5 | Reached XP level 22. HP: 224/224 MP: 21/21
 34839 | Vaults:5 | Identified the death talisman "Koerhuykh" {Str+5}
 34963 | Vaults:5 | Noticed a dread lich
 34977 | Vaults:5 | Killed a dread lich
 35089 | Vaults:5 | Lost mutation: Your flesh is very heat resistant. (rF++)
                  | [Jiyva's grace]
 35089 | Vaults:5 | Lost mutation: Your movements are significantly less
                  | encumbered by armour. (ER -6) [Jiyva's grace]
 35089 | Vaults:5 | Gained mutation: You have a pair of small horns on your
                  | head. [Jiyva's grace]
 35089 | Vaults:5 | Gained mutation: You have a pair of horns on your head.
                  | [Jiyva's grace]
 35089 | Vaults:5 | Gained mutation: You have a pair of large horns on your
                  | head. [Jiyva's grace]
 35089 | Vaults:5 | Gained mutation: Your translucent skin slightly reduces
                  | your foes' accuracy. (Stealth+) [Jiyva's grace]
 35094 | Vaults:5 | Identified the +2 leather armour of Ymigh {+Inv rF+++
                  | Slay-3 SInv}
 35150 | Vaults:5 | Identified the staff "Wan Rotoa" {rPois rF- rCorr Str+4
                  | Dex+3 Alchemy}
 35194 | Vaults:5 | Identified the +2 rapier of Painted Action {venom, rN++}
 35305 | Vaults:5 | Noticed a golden dragon
 35312 | Vaults:5 | Killed a golden dragon
 35358 | Vaults:5 | Identified the ring "Koaxtist" {Fly rElec rPois}
 35397 | Vaults:5 | Killed an ancient lich
 35453 | Vaults:5 | Got a silver rune of Zot
 35564 | Vaults:5 | Killed a golden dragon
 35633 | Vaults:5 | Identified the amulet of Lady Luck {Faith Harm rPois}
 35646 | Vaults:5 | Noticed an ancient lich
 35662 | Vaults:5 | Killed an ancient lich
 35663 | Vaults:5 | Reached skill level 21 in Shapeshifting
 36275 | Depths:1 | Entered Level 1 of the Depths
 36370 | Depths:1 | You fall into a shaft and drop 1 floor!
 36492 | Depths:2 | Reached XP level 23. HP: 237/237 MP: 22/22
 36603 | Depths:2 | Found a one-way gate to the infinite horrors of the Abyss.
 36761 | Depths:1 | Found a shadowy altar of Dithmenos.
 36964 | Depths:1 | Found a gateway to Hell.
 36982 | Depths:1 | Found a hazy altar of Hepliaklqana.
 36998 | Depths:1 | Lost mutation: You have very sharp teeth. [Jiyva's grace]
 36998 | Depths:1 | Lost mutation: You have a pair of large horns on your head.
                  | [Jiyva's grace]
 36998 | Depths:1 | Lost mutation: You are agile. (Dex +4, Str/Int -1) [Jiyva's
                  | grace]
 36998 | Depths:1 | Lost mutation: Your translucent skin slightly reduces your
                  | foes' accuracy. (Stealth+) [Jiyva's grace]
 36998 | Depths:1 | Lost mutation: Your movements are less encumbered by
                  | armour. (ER -4) [Jiyva's grace]
 36998 | Depths:1 | Gained mutation: You are partially covered in large bone
                  | plates. (SH +4) [Jiyva's grace]
 36998 | Depths:1 | Gained mutation: You are mostly covered in large bone
                  | plates. (SH +6) [Jiyva's grace]
 36998 | Depths:1 | Gained mutation: You are completely covered in large bone
                  | plates. (SH +8) [Jiyva's grace]
 36998 | Depths:1 | Gained mutation: You have an increased reservoir of magic.
                  | (+10% MP) [Jiyva's grace]
 37357 | Depths:2 | Noticed the Enchantress
 37357 | Depths:2 | Identified the +0 hand axe of the Chain {flame, rPois Str+3
                  | Stlth+}
 37380 | Depths:2 | Killed the Enchantress
 37836 | Depths:2 | Noticed Grunn
 37848 | Depths:2 | Killed Grunn
 38279 | Crypt:1  | Entered Level 1 of the Crypt
 38279 | Crypt:1  | Noticed Boris
 38283 | Crypt:1  | Noticed Vv
 38311 | Vaults:3 | Killed Boris
 38519 | Vaults:3 | Killed Vv
 39309 | Crypt:2  | Found a transporter.
 39315 | Crypt:2  | Noticed Kucw's ghost (adept GrFi)
 39315 | Crypt:2  | Noticed a royal mummy
 39538 | Crypt:2  | Found a transporter.
 39663 | Crypt:3  | Entered Level 3 of the Crypt
 39959 | Crypt:3  | Reached XP level 24. HP: 232/248 MP: 24/24
 40120 | Crypt:3  | Noticed a royal mummy
 40135 | Crypt:3  | Killed a royal mummy
 40193 | Crypt:3  | Got an ivory gem with 236 turns to spare
 40200 | Crypt:3  | Identified the ring "Yned" {rF+ rN++ Will- Str+6 Int+2}
 40637 | Depths:3 | Noticed Margery
 40770 | Depths:2 | Killed Margery
 40796 | Depths:3 | Reached skill level 15 in Shields
 40840 | Depths:3 | Reached skill level 24 in Shapeshifting
 41693 | Depths:4 | Entered Level 4 of the Depths
 41751 | Depths:4 | Noticed Boris
 41775 | Depths:3 | Killed Boris
 41935 | Depths:4 | Reached skill level 24 in Unarmed Combat
 41935 | Depths:4 | Found a gate to the Realm of Zot.
 41940 | Depths:4 | Found a one-way gateway to a ziggurat.
 42763 | Zot:1    | Entered Level 1 of the Realm of Zot
 42767 | Zot:1    | Noticed an orb of fire
 42789 | Zot:1    | Killed an orb of fire
 43075 | Zot:1    | Reached XP level 25. HP: 260/260 MP: 24/24
 45266 | Zot:3    | Found a runed translucent door.
 45267 | Zot:3    | Found a shimmering altar of Xom.
 45267 | Zot:3    | Noticed Netemen's ghost (master GnFi)
 45533 | Zot:3    | Noticed a Killer Klown
 45541 | Zot:3    | Killed a Killer Klown
 46151 | Zot:4    | Got Usidoniu's Compilation of the Volatile Charnel House
 46946 | Zot:5    | Entered Level 5 of the Realm of Zot
 46946 | Zot:5    | Noticed an orb of fire
 46946 | Zot:5    | Noticed a Killer Klown
 46946 | Zot:5    | Noticed an orb of fire
 46946 | Zot:5    | Noticed a Killer Klown
 46946 | Zot:5    | Noticed an orb of fire
 46946 | Zot:5    | Noticed a Killer Klown
 46946 | Zot:5    | Noticed a Killer Klown
 46947 | Zot:5    | Noticed a Killer Klown
 46947 | Zot:5    | Noticed a Killer Klown
 46947 | Zot:5    | Noticed an ancient lich
 46947 | Zot:5    | Noticed an orb of fire
 47172 | Zot:5    | Noticed an orb of fire
 47186 | Zot:5    | Killed an orb of fire
 47328 | Zot:5    | Reached XP level 26. HP: 274/274 MP: 24/24
 47364 | Zot:5    | Reached skill level 18 in Fighting
 47468 | Zot:5    | Noticed an orb of fire
 47553 | Zot:4    | Killed an orb of fire
 47590 | Zot:4    | Killed an orb of fire
 47973 | Orc:2    | Bought a scroll of torment for 104 gold pieces
 47973 | Orc:2    | Bought a scroll of teleportation for 33 gold pieces
 47973 | Orc:2    | Bought a scroll of blinking for 82 gold pieces
 47973 | Orc:2    | Bought a scroll of teleportation for 33 gold pieces
 48875 | Zot:5    | Killed an orb of fire
 48925 | Zot:5    | Killed an orb of fire
 48974 | Zot:5    | Noticed an ancient lich
 48986 | Zot:5    | Killed an ancient lich
 49020 | Zot:5    | Killed an orb of fire
 49066 | Zot:5    | Noticed a dread lich
 49078 | Zot:5    | Killed a dread lich
 49129 | Zot:5    | Killed an ancient lich
 49131 | Zot:5    | Noticed an ancient lich
 49147 | Zot:5    | Killed an ancient lich
 49238 | Zot:5    | Reached skill level 18 in Shields
 49492 | Zot:5    | Got the Orb of Zot
 50107 | D:3      | Noticed Sotsim the pandemonium lord
 50177 | D:$      | Escaped with the Orb!

Illustrated notes

Levels and vault maps discovered:
D:1:      ldierk_walled_garden_2, layout_rooms
D:2:      layout_loops_ring, shapermc_ecumenical_altar_mp_highgroup,
          uniq_terence, uniq_crazy_yiuf_cottage
D:3:      layout_basic
D:4:      layout_basic, vehumet_crystals, zin_academy, minmay_misc_feat_tower,
          grunt_decor_fettered, uniq_ijyb, uniq_robin
D:5:      layout_rooms, xom_butterflies, minmay_temple_entry_butterflies,
          gammafunk_ghost_hive, grunt_ministairs_10, kennysheep_another_room,
          uniq_menkaure, uniq_blork_the_orc
D:6:      layout_basic, old_standard_altar, serial_shops, shop, uniq_jeremiah
D:7:      layout_cave_pools, grunt_dithmenos_shadows,
          gammafunk_temple_overflow_wave, jmf_multi_god_temple2,
          ebering_ghost_gozag
D:8:      layout_cave_pods
D:9:      layout_basic, minivault_11
D:10:     hellmonk_ruined_rings, layout_basic, overflow_temple_1_default,
          lemuel_crystal_altar, lair_entry_dummy
D:11:     layout_irregular_city, minmay_orc_entry_temple_small, serial_shops,
          bzr_entry_road, shop, nicolae_shop_pleasant_corner_grove,
          nicolae_shop_hallway_plus, shop, gauntlet_entry_generic
D:12:     layout_basic, chequers_serial_rivers_small_b,
          kennysheep_generic_room_9
D:13:     layout_grid_maze, ximxim_vaults_locker_room, uniq_sonja
D:14:     layout_basic, chequers_serial_rivers_micro_b, uniq_josephine,
          uniq_rupert, uniq_agnes
D:15:     grunt_enter_depths_hoard, layout_loops_ring, minmay_gold_behind_fungi,
          hangedman_cracks_in_the_wall
Temple:   pf_slime_end_temple
Lair:1:   layout_roguey, beast_lair_carwin_10, grunt_megastairs_2
Lair:2:   wad_woods_04, layout_small_grid, swamp_mist,
          nicolae_spider_entry_lesser_pyramids
Lair:3:   layout_regular_city, minmay_lair_oklob_bushes, st_stairs_9,
          infiniplex_staircase_pool, serial_bayou_shore_b, uniq_fannar
Lair:4:   layout_gridlike, nicolae_slime_entry_field_trip, lemuel_fruit_fields
Lair:5:   wormcave, layout_cave_pods, hangedman_lair_tendril_chambers,
          serial_bayou_lagoon_a
Swamp:1:  layout_falls_marsh, portal_ice_cave_entry_ugly_swarm,
          hangedman_swamp_ruin_hall
Swamp:2:  layout_basic_swamp, hangedman_swamp_ruin_wall,
          hangedman_swamp_ravenous, uniq_nikola
Swamp:3:  layout_basic_swamp, evilmike_swamp_ruin_house_6, swamp_pool_4
Swamp:4:  grunt_swamp_rune_castle, layout_basic_swamp, swamp_pool_1_2,
          nicolae_swamp_godswood, hangedman_swamp_cone, uniq_louise
Spider:1: layout_chambers, uniq_asterion, uniq_roxanne
Spider:2: layout_chambers, hellmonk_spider_spawner
Spider:3: layout_spider_delve, hangedman_spider_tarantella_strand
Spider:4: grunt_spider_rune_island
Slime:1:  layout_caves
Slime:2:  nicolae_slime_jelly_donut, layout_caves
Slime:3:  layout_caves, uniq_dissolution
Slime:4:  cheibrodos_slime_lost_civilization_8, layout_caves
Slime:5:  slime_pit_nicolae_jellycorners
Orc:1:    layout_diamond_mine
Orc:2:    pf_orc_diabolical, layout_caves, uniq_saint_roka
Elf:1:    eino_elf_arrival_the_gate, layout_geoelf_octagon, serial_shops,
          nicolae_shop_tiny_statue_garden, minmay_elf_necromancy, uniq_jorgrun,
          uniq_kirke
Elf:2:    elven_hall_of_blades_hangedman_original [nicolae_blade_lattice],
          layout_rooms, serial_shops, shop, nicolae_twisty_statue_hallways
Elf:3:    elf_hall, layout_onion_city, serial_shops, shop,
          minmay_elf_annihilation
Vaults:1: vaults_room_boxed, nicolae_vaults_octagons,
          nicolae_vaults_stairing_the_circle, nicolae_vaults_little_squares_6,
          hangedman_vaults_impose, nicolae_vaults_closet_pinwheel_3, v_misc_14,
          v_misc_11, hangedman_vaults_corner_blocks, v_misc_26,
          nicolae_vaults_six-pack, nicolae_vaults_little_ls,
          nicolae_vaults_tetromino_T_1, layout_vaults_omnicross, uniq_donald
Vaults:2: ontoclasm_vaults_idyll, nicolae_vaults_mitosis, hangedman_vaults_trim,
          nicolae_vaults_network_square,
          vaults_standard_mumra_enter_the_diamond, nicolae_vaults_spaceships,
          hangedman_vaults_capsules, nicolae_vaults_security_offices_4,
          nicolae_vaults_big_angled_halls, nicolae_vaults_trapezoid_lopsided_4,
          ontoclasm_vaults_tryst, layout_vaults_ring, uniq_mara
Vaults:3: portal_desolation_entry_nicolae_slug, v_misc_29,
          nicolae_vaults_network_s, hangedman_vaults_nails,
          nicolae_vaults_little_squares_1, nicolae_vaults_tetromino_Z_2,
          nicolae_vaults_apartment_2, blue_anna_dwarven_crypt,
          nicolae_vaults_house_1, layout_vaults_big_room, serial_shops, shop,
          nicolae_book_shop_shelving, nicolae_shop_dealshenge,
          nicolae_trove_entry_diagonal
Vaults:4: gammafunk_ghost_tricky_traps, vaults_room_semicircle,
          hangedman_vaults_unwind, nicolae_vaults_closet_pinwheel_1,
          nicolae_vaults_library_corner, nicolae_vaults_circle_grid_b,
          ontoclasm_vaults_misaligned, nicolae_vaults_sesquioval_fish, v_misc_8,
          layout_vaults_omnigrid, uniq_sojobo
Vaults:5
Crypt:1:  layout_rooms, serial_library_hellmonk_small_alcove,
          amcnicky_mini_rare_corridor_liquid, fountainhead, uniq_boris,
          uniq_josephina, uniq_vv
Crypt:2:  layout_misc_corridors, nzn_ghost_randoct
Crypt:3:  due_elkab, layout_chaotic_city, nicolae_crypts_crumbling_nooks
Depths:1: layout_gridville, pan_entry, lemuel_round_altar, hell_entry,
          nicolae_abyss_entry_one_way_or_another, st_stairs_8,
          minmay_misc_feat_five, worldfamousw_hep_ancestral_shrine,
          serial_bayou_shore_b
Depths:2: grunt_twist_and_shout, layout_gridlike, abyss_entry,
          grunt_pan_entry_zigzag, dreamdust_wishing_well, hell_entry,
          serial_bayou_shore_b, minmay_staircase_bubble, uniq_enchantress,
          uniq_grunn
Depths:3: hangedman_stitches_corridor, layout_cave_pools,
          minmay_misc_feat_pillars, abyss_entry, serial_glass, glass_columns_c,
          glass_columns_c, hell_entry, minmay_holes, uniq_margery
Depths:4: evilmike_zot_entry_basic, layout_gridlike, enter_ziggurat_d,
          abyss_entry, pf_hell_entry_tar_river, patterned_corridor,
          serial_bayou_shore_b
Zot:1:    layout_gridlike, regret_index_zotdec_tunneler, grunt_megastairs_4
Zot:2:    layout_cathedral_of_symmetry, regret_index_zotdec_fiery_em,
          lemuel_elevator
Zot:3:    layout_concentric_octagons, ebering_ghost_xom
Zot:4:    layout_concentric_octagons, hangedman_zot_diagonal_lockstep,
          regret_index_zotdec_iron_s, guppyfry_library_mini
Zot:5:    layout_twisted_circle

Skill      XL: |  1  2  3  4  5  6  7  8  9 10 11 12 13 14 15 16 17 18 19 20 21 22 23 24 25 26 |
---------------+-------------------------------------------------------------------------------+-----
Unarmed Combat | 4 5 6 8 9 10 11 12 14 15 17 18 20 21 22 23 24 25 | 25.9
Throwing       | 1 3 5 7 9 11 12 | 12.0
Fighting       | 4 6 7 8 9 10 11 12 13 14 15 16 17 18 | 18.8
Shields        | 5 10 11 12 13 14 15 17 18 | 18.3
Shapeshifting  | 5 11 15 19 21 23 24 25 | 25.8
Dodging        | 3 6 7 |  7.0

Action                     |  1- 3 |  4- 6 |  7- 9 | 10-12 | 13-15 | 16-18 | 19-21 | 22-24 | 25-27 || total
---------------------------+-------+-------+-------+-------+-------+-------+-------+-------+-------++-------
  Melee: Unarmed           |    77 |   109 |   233 |   400 |   896 |   845 |  1016 |  1408 |   793 ||  5777
         Kick              |       |       |    34 |   162 |   354 |   298 |   367 |   568 |   344 ||  2127
         Bite              |       |       |       |     4 |   131 |    21 |   137 |    53 |       ||   346
         Pseudopods        |       |       |       |       |   114 |   189 |   242 |   350 |   230 ||  1125
         Maw               |       |       |       |       |    26 |   112 |       |       |       ||   138
         Headbutt          |       |       |       |       |       |       |       |   339 |   226 ||   565
  Throw: Boomerang         |       |       |       |       |    19 |    42 |       |     9 |       ||    70
         Large rock        |       |       |       |       |       |       |       |       |    15 ||    15
 Invoke: Slimify           |       |       |       |       |     3 |     2 |     1 |     2 |       ||     8
         Oozemancy         |       |       |       |       |     1 |     1 |     3 |     1 |     1 ||     7
Ability: Siphon Essence    |       |       |       |       |       |       |       |     1 |     2 ||     3
  Evoke: Wand              |       |       |       |       |       |       |       |       |     1 ||     1
    Use: Scroll            |       |    15 |     1 |     8 |    10 |     9 |     8 |     1 |    11 ||    63
         Potion            |       |       |     1 |     4 |     1 |     2 |     2 |       |       ||    10
   Stab: Confused          |       |       |       |    15 |    24 |    10 |       |       |       ||    49
         Distracted        |       |       |       |     1 |     2 |     5 |     3 |     2 |     2 ||    15
         Petrified         |       |       |       |       |     6 |       |       |       |       ||     6
         Sleeping          |       |       |       |       |    13 |     3 |     8 |     2 |     4 ||    30
 Armour: Robe              |    39 |    82 |   164 |    36 |       |       |       |       |       ||   321
         Troll leather arm |       |       |       |   215 |   339 |       |       |   316 |   229 ||  1099
         Storm dragon scal |       |       |       |     4 |       |       |       |       |       ||     4
         Skin              |       |       |       |       |    37 |   870 |   994 |   260 |       ||  2161
  Dodge: Dodged            |    39 |    60 |   162 |   177 |   206 |   420 |   487 |   280 |   113 ||  1944
  Block: Kite shield       |       |       |       |    58 |       |       |       |       |       ||    58
         Tower shield      |       |       |       |    46 |   783 |  1305 |  1869 |  1827 |   655 ||  6485
   Form: Blade             |       |       |       |       |     1 |       |       |       |       ||     1
         Maw               |       |       |       |       |     1 |       |       |       |       ||     1
         Statue            |       |       |       |       |       |     1 |       |     1 |       ||     2
         Death             |       |       |       |       |       |       |       |     2 |       ||     2
